 Dungeon Crawl Stone Soup version 0.28-a0-1638-g9123634e07 (webtiles) character file.

Game seed: 10041110571291846850

354 Ajdolov the Chopper (level 6, -5/47 HPs)
             Began as a Formicid Fighter on Jan 25, 2022.
             Killed by divine providence
             ... invoked by an orc priest
              (12 damage)
             ... on level 3 of the Dungeon on Jan 26, 2022.
             The game lasted 00:07:26 (3630 turns).

Ajdolov the Chopper (Formicid Fighter)              Turns: 3630, Time: 00:07:27

Health: -5/47      AC:  8    Str: 21 (22) XL:     6   Next: 94%
Magic:  6/6        EV: 13    Int:  8      God:
Gold:   64         SH:  5    Dex: 10      Spells: 5/5 levels left

rFire   . . .      SeeInvis +   a - +0 war axe
rCold   . . .      Faith    .   c - +0 buckler
rNeg    . . .      Spirit   .   p - +0 scale mail
rPois   .          Reflect  .   (helmet unavailable)
rElec   .          Harm     .   (no cloak)
rCorr   .          Rampage  .   i - +0 pair of gloves
Will    .....                   (no boots)
Stlth   ..........              (no amulet)
HPRegen 0.15/turn               f - +4 ring of evasion
MPRegen 0.10/turn               (no ring)

@: no status effects
A: permanent stasis, dig shafts and tunnels, antennae 3, four strong arms
a: Dig, Shaft Self


You were on level 3 of the Dungeon.
You visited 1 branch of the dungeon, and saw 3 of its levels.
You also visited: Sewer.

You collected 64 gold pieces.

Inventory:

Hand Weapons
 a - a +0 war axe (weapon)
 b - the +7 hunting sling "Kimmu" {vorpal, rElec Will+ Stlth+}
   (You found it on level 2 of the Dungeon)

   Any ammunition fired from it inflicts extra damage upon your enemies.
   rElec:     It insulates you from electricity.
   Will:      It increases your willpower.
   Stlth:     It makes you more stealthy.
Missiles
 o - a stone
Armour
 c - a +0 buckler (worn)
 i - a +0 pair of gloves (worn)
 p - a +0 scale mail (worn)
Jewellery
 f - a +4 ring of evasion (left hand)
Scrolls
 e - a scroll of immolation {unknown}
 g - a scroll of amnesia {unknown}
 h - a scroll of teleportation {unknown}
 l - a scroll of magic mapping {unknown}
 m - 2 scrolls of holy word {unknown}
 q - a scroll of identify {unknown}
 r - a scroll of enchant weapon {unknown}
Potions
 d - a potion of might
 j - a potion of lignification
 k - 2 potions of flight
 n - a potion of heal wounds


   Skills:
 - Level 3.2 Fighting
 * Level 5.7 Axes
 + Level 2.2 Slings
 - Level 3.2 Armour
 - Level 5.0 Shields


You had 5 spell levels left.
You didn't know any spells.
Your spell library was empty.

Dungeon Overview and Level Annotations

Branches:
Dungeon (3/15)              Sewer (visited)

Altars:
Hepliaklqana


Innate Abilities, Weirdness & Mutations

You cannot be hasted, slowed, berserked, paralysed or teleported.
You can dig through walls and to a lower floor.
You have a pair of large antennae on your head. (SInv)
Your four strong arms can wield two-handed weapons with a shield.


Message History

You block the orc wizard's attack.
You closely miss the orc wizard.
The orc wizard is lightly wounded.
The orc wizard misses you.
You slash the orc wizard!
The orc wizard is almost dead.
The orc wizard completely misses you.
You slash the orc wizard!
You kill the orc wizard!
You slash the endoplasm!
You kill the endoplasm!
The orc priest hits you from afar with a +0 trident.
You block the orc priest's attack.
There is a stone staircase leading up here.
Items here: )) [[ †.
You slash the orc priest!
The orc priest is heavily wounded.
The orc priest closely misses you.
You closely miss the orc priest.
The orc priest is heavily wounded.
The orc priest closely misses you.
You hit the orc priest but do no damage.
The orc priest is heavily wounded.
You block the orc priest's attack.
The orc priest mumbles some strange prayers to Beogh against you.
Beogh smites you!
You barely miss the orc priest.
The orc priest is heavily wounded.
The orc priest hits you but does no damage.
You barely miss the orc priest.
The orc priest is heavily wounded.
The orc priest invokes the aid of Beogh against you.
Pain shoots through your body!
* * * LOW HITPOINT WARNING * * *
You barely miss the orc priest.
The orc priest is heavily wounded.
The orc priest closely misses you.
The orc priest calls down the wrath of Beogh upon you.
Beogh smites you!
You die...

## #.# {
... ..
#.## ..#
#o#
#######
#@#
.......
#.#
.######
#.# .#
##.# .#
#..# ##
#.#.##
.#########
##.###.##
.........#
#.# ##.#
.#######.#
##.###.##


You could see an orc priest.

Vanquished Creatures
  2 kobold brigands (Sewer)
  Terence (D:2)
  2 orc wizards (D:3)
  4 river rats
  2 adders
  2 worms
  2 dart slugs
  8 orcs
  11 ball pythons
  6 endoplasms
  4 giant cockroaches
  6 goblins
  2 hobgoblins
  4 jackals
  6 kobolds
  2 quokkas (D:1)
  4 bats
  10 rats
78 creatures vanquished.

Notes
Turn   | Place    | Note
-------+----------+-------------------------------------------
     0 | D:1      | Ajdolov the Formicid Fighter began the quest for the Orb.
     0 | D:1      | Reached XP level 1. HP: 18/18 MP: 1/1
    48 | D:1      | Reached XP level 2. HP: 24/24 MP: 2/2
   697 | D:1      | Reached XP level 3. HP: 24/29 MP: 3/3
  1189 | D:1      | Found a hazy altar of Hepliaklqana.
  1467 | D:2      | Reached XP level 4. HP: 35/35 MP: 4/4
  1636 | D:2      | Identified the +7 hunting sling "Kimmu" {vorpal, rElec
                  | Will+ Stlth+}
  1678 | D:2      | Identified the +9 spear of Fate {vorpal, rPois rF+ rC+
                  | SInv}
  2081 | D:3      | Noticed Terence
  2105 | D:2      | Killed Terence
  2345 | D:3      | Reached XP level 5. HP: 41/41 MP: 5/5
  2697 | D:3      | Found a glowing drain.
  2719 | Sewer    | Entered a sewer
  2736 | Sewer    | Reached skill level 5 in Shields
  2966 | Sewer    | Noticed a kobold brigand
  3132 | Sewer    | HP: 2/61 [kobold brigand (2)]
  3157 | Sewer    | Killed a kobold brigand
  3158 | Sewer    | Reached skill level 5 in Axes
  3158 | Sewer    | Reached skill level 1 in Slings
  3158 | Sewer    | Reached XP level 6. HP: 12/47 MP: 6/6
  3490 | Sewer    | Found a glowing silver altar of Zin.
  3630 | D:3      | Killed from afar by an orc priest

Illustrated notes

Levels and vault maps discovered:
D:1:      dpeg_arrival_water_altar, layout_loops_ring
D:2:      layout_loops_ring, kennysheep_generic_room_7
D:3:      layout_loops_ring, hellmonk_ecumenical_altar_slurped_away,
          cheibrodos_sewer_entry_sluice, st_stairs_7, uniq_grinder,
          uniq_sigmund, uniq_crazy_yiuf_cottage, uniq_terence

Skill      XL: |  1  2  3  4  5  6 |
---------------+-------------------+-----
Shields        | 4 5 |  5.0
Axes           | 3 4 5 |  5.7
Slings         | 1 2 |  2.2
Fighting       | |  3.2
Armour         | |  3.2

Action                   |  1- 3 |  4- 6 || total
-------------------------+-------+-------++-------
Melee: War axe           |    81 |   202 ||   283
 Fire: Hunting sling     |       |     1 ||     1
Throw: Javelin           |       |     1 ||     1
  Use: Potion            |       |     4 ||     4
Armor: Scale mail        |    31 |    55 ||    86
       Skin              |       |    16 ||    16
Dodge: Dodged            |    39 |    99 ||   138
Block: Buckler           |    13 |    43 ||    56

Table legend: (Time is in decaauts)
 A = Elapsed time spent in this place.
 B = Non-inter-level travel time spent in this place.
 C = Inter-level travel time spent in this place.
 D = Time resting spent in this place.
 E = Time spent auto-exploring this place.
 F = Levels seen in this place.
 G = Mean time per level.
                   A        B        C        D        E       F      G
               +--------+--------+--------+--------+--------+-----+--------+
         Total |   3792 |   3767 |     25 |    658 |   2299 |   4 |  948.0 |
       Dungeon |   2889 |   2864 |     25 |    491 |   1811 |   3 |  963.0 |
         Sewer |    902 |    902 |      0 |    167 |    488 |   1 |  902.0 |
               +--------+--------+--------+--------+--------+-----+--------+

Top non-repeatable levels by time:
     D:1: 1236 daAuts
     D:2: 1149 daAuts
   Sewer: 902 daAuts
     D:3: 503 daAuts
